 Dungeon Crawl Stone Soup version 0.31-a0-466-g98c9adc2b6 (webtiles) character file.

Game seed: 17520684597604859685

9398 HallandMoats the Eye of the Storm (level 11, -16/89 HPs)
             Began as a Demonspawn Fighter on Aug 5, 2023.
             Was a Priest of Qazlal.
             Killed from afar by a lindwurm (25 damage)
             ... with a blast of flame
             ... on level 10 of the Dungeon.
             The game lasted 00:16:52 (12572 turns).

HallandMoats the Eye of the Storm (DsFi)           Turns: 12572, Time: 00:16:53

Health: -16/89     AC: 12    Str: 18    XL:     11   Next: 22%
Magic:  26/26      EV:  7    Int: 11    God:    Qazlal [***...]
Gold:   373        SH: 10    Dex: 20    Spells: 10/10 levels left

rFire   . . .        t - +4 scimitar (flame)
rCold   . . .        c - +0 buckler
rNeg    . . .        H - +1 chain mail {Will+}
rPois   .            (helmet currently unavailable)
rElec   .            p - melded scarf {shadows}
rCorr   .            (gloves currently unavailable)
SInv    .            y - melded +0 pair of boots
Will    ++...        b
                       - Hermit's Pendant {Faith Invo=14 Evo=0 MP+5} Stlth
                     q - +6 ring of dexterity
HPRegen 0.34/turn    (no ring)
MPRegen 0.20/turn

%: faith
@: beast-form, enlightened, flying, studying Transmutations
A: beast (slay +6), horns 2, yellow scales 2, demonic guardian 2
a: Begin Untransformation, Renounce Religion, Upheaval, Elemental Force


You were on level 10 of the Dungeon.
You worshipped Qazlal.
Qazlal was most pleased with you.
You were a hulking beast.
You visited 2 branches of the dungeon, and saw 11 of its levels.

You collected 415 gold pieces.
You spent 42 gold pieces at shops.

Inventory:

Hand Weapons
 a - a +1 war axe
 s - the +3 hammer of Houfrour {heavy, rElec rF+++ Int+5 Stlth-}
   (You found it on level 2 of the Dungeon)

   Int:       It affects your intelligence (+5).
   rF:        It renders you almost immune to fire.
   rElec:     It insulates you from electricity.
   Stlth:     It makes you less stealthy.
 t - a +4 scimitar of flaming (weapon)
Armour
 c - a +0 buckler (worn)
 p - a scarf of shadows (melded)
 y - a +0 pair of boots (melded)
 H - a +1 chain mail of willpower (worn)
Jewellery
 b - the Hermit's Pendant (around neck) {Faith Invo=14 Evo=0 MP+5}
   (You found it on level 4 of the Dungeon)

   [amulet of faith]

   Invo=14: It sets your Invocations skill to 14.
   Evo=0: It sets your Evocations skill to 0.
   It allows you to gain divine favour quickly.
   MP:        It affects your magic capacity (+5).
 q - a +6 ring of dexterity (left hand)
 I - a ring of positive energy
 K - a ring of fire
 L - a ring of ice
Talismans
 j - a beast talisman (active)
 l - a maw talisman
Wands
 d - a wand of flame (5)
 m - a wand of digging (7)
 E - a wand of roots (20)
Scrolls
 e - a scroll of silence
 f - 2 scrolls of enchant weapon
 g - a scroll of summoning
 h - 2 scrolls of immolation
 n - 2 scrolls of revelation
 o - 2 scrolls of poison
 r - 3 scrolls of teleportation
 v - a scroll of torment
 x - 2 scrolls of amnesia
 B - 5 scrolls of identify
 G - a scroll of vulnerability
 J - a scroll of enchant armour
Potions
 i - a potion of curing
 k - a potion of degeneration {unknown}
 u - 2 potions of invisibility {unknown}
 w - a potion of ambrosia {unknown}
 z - 3 potions of enlightenment
 A - a potion of magic {unknown}
 C - a potion of might
 D - a potion of attraction {unknown}
 F - a potion of cancellation {unknown}


   Skills:
 + Level 9.3 Fighting
 - Level 3.9 Axes
 - Level 2.6 Armour
 - Level 2.6 Shields
 + Level 11.2(14.0) Invocations
 * Level 9.3 Shapeshifting


You had 10 spell levels left.
You didn't know any spells.
Your spell library contained the following spells:

 Spells                   Type           Power      Damage    Failure   Level
 Apportation              Tloc           0%         N/A       99%         1
 Necrotise                Necr           0%         1d4       99%         1
 Summon Small Mammal      Summ           0%         N/A       99%         1
 Dazzling Flash           Conj/Hex       0%         N/A       100%        3
 Tukima's Dance           Hex            0%         N/A       100%        3
 Volatile Blastmotes      Fire/Tloc      0%         2d10      100%        3
 Passage of Golubria      Tloc           0%         N/A       100%        4
 Yara's Violent Unravell  Hex/Tmut       0%         3d3       100%        5
 Starburst                Conj/Fire      0%         6d3       100%        6
 Maxwell's Capacitive Co  Air            0%         ∞         100%        8


Dungeon Overview and Level Annotations

Branches:
Dungeon (10/15)            Temple (1/1) D:6            Lair (0/5) D:9
    Orc: D:9-12

Altars:
Ashenzari
Cheibriados
Dithmenos
Fedhas
Gozag
Hepliaklqana
Kikubaaqudgha
Makhleb
Nemelex Xobeh
Okawaru
Qazlal
Ru
Sif Muna
Trog
Uskayaw
Vehumet
Wu Jian
Xom
Yredelemnul

Shops:
D:4 ?   D:5 (*=:

Annotations:
D:4 1 transporter


Innate Abilities, Weirdness & Mutations

You are a hulking beast.
Your limbs bulge with bestial killing power. (Slay +6)
You have a pair of horns on your head.
You are mostly covered in yellow scales. (AC +3)
A demonic guardian rushes to your aid.


Message History

Qazlal accepts your kill.
Found a scroll of amnesia, a dagger and a runed falchion.
Found an escape hatch in the floor.
You start resting.
You hear a roar! x18
HP restored.
Okay, then.
As you read the scroll of identify, it crumbles to dust.
J - a scroll of enchant armour
As you read the scroll of identify, it crumbles to dust.
z - 4 potions of enlightenment You hear a roar!
You feel very buoyant.
You fly up into the air.
The lindwurm roars! x3
The lindwurm breathes flames at you. The blast of flame hits you.
The lindwurm breathes flames at you. The blast of flame misses you.
The lindwurm breathes flames at you. The blast of flame hits you!!
The lindwurm breathes flames at you. The blast of flame hits you!
A demonic guardian appears!
Found an ivory battleaxe.
The lindwurm breathes flames at you. The blast of flame hits you!!
Found a scroll of teleportation.
The lindwurm bites you!
* * * LOW HITPOINT WARNING * * *
The lindwurm claws you but does no damage.
The lindwurm completely misses you. The lindwurm closely misses you.
The lindwurm claws you.
* * * LOW HITPOINT WARNING * * *
The lindwurm claws you but does no damage.
The lindwurm barely misses you. The lindwurm claws you.
* * * LOW HITPOINT WARNING * * *
The lindwurm claws you but does no damage.
The lindwurm breathes flames at you. The blast of flame hits you!!
You die...

#..# ###..# ##
#.######....##### ##
##.##............#######.
##........4§≈.§.....##....
#.......≈≈§≈§≈≈≈..§..##...
##.....§§≈§§§§≈≈§≈§§...#..#
#...§§§°≈§≈≈≈≈≈≈§§§≈...#..#
#...§≈§≈≈§§§≈≈≈≈§≈§≈≈.....#
#...§§§≈≈§hk...≈§≈§§§......
#...≈≈≈§≈kkk##..§§§§§≈...)#
##..§≈≈≈≈..####..§§§§≈..#.)
#...≈≈≈≈..#.?!.#..≈§§≈....#
#..≈≈≈≈§.##)>=?##.≈≈≈≈≈....
#..≈≈≈≈≈.##$=) ##§§≈≈≈≈...#
#..§≈≈≈≈..#.$?.#§k≈§§≈.....
##.§§§≈≈≈..####..≈§≈≈§....#
#..≈§≈§≈.k.##..§§≈§§§..#.#


You could see 4 lindwurms.

Vanquished Creatures
  Erica (D:8)
  A two-headed ogre (D:8)
  An ugly thing (D:9)
  2 trolls
  2 hornets
  Sigmund (D:2)
  9 yaks (D:9)
  A wraith (D:10)
  3 wyverns
  A steam dragon (D:9)
  Menkaure (D:7)
  2 sky beasts
  3 ice beasts
  2 orc warriors
  4 black bears
  2 ogres
  7 centaurs
  2 kobold brigands (D:8)
  2 bullfrogs (D:7)
  A gnoll sergeant (D:4)
  2 scorpions
  6 wights (D:7)
  3 killer bees (D:10)
  A howler monkey (D:9)
  A jelly (D:5)
  3 iron imps (D:4)
  6 orc priests
  4 hounds
  10 orc wizards
  Jessica (D:3)
  4 sleepcaps
  2 iguanas
  6 gnolls
  2 adders
  A shadow imp (D:7)
  2 worms (D:2)
  6 dart slugs
  24 orcs
  3 bats (D:1)
  8 endoplasms
  2 giant cockroaches
  2 goblins
  9 hobgoblins
  2 jackals (D:1)
  5 quokkas
  5 ball pythons
  7 frilled lizards
  12 kobolds
  3 rats
190 creatures vanquished.

Vanquished Creatures (collateral kills)
  A deep elf pyromancer (D:8)
  A yak (D:9)
  A centaur (D:6)
  A kobold brigand (D:6)
  A gnoll sergeant (D:6)
  2 wights (D:7)
  An orc priest (D:9)
  Crazy Yiuf (D:2)
  An iguana (D:5)
  An orc wizard (D:7)
  5 gnolls
  An adder (D:4)
  A white imp (D:6)
  4 orcs
  2 kobolds (D:6)
24 creatures vanquished.

Vanquished Creatures (others)
  An angel (D:7)
  An orc wizard (D:9)
2 creatures vanquished.

Grand Total: 216 creatures vanquished

Notes
Turn   | Place    | Note
-------+----------+-------------------------------------------
     0 | D:1      | HallandMoats the Demonspawn Fighter began the quest for the
                  | Orb.
     0 | D:1      | Reached XP level 1. HP: 18/18 MP: 1/1
    93 | D:1      | Reached skill level 1 in Invocations
   102 | D:1      | Gained mutation: You have a pair of small horns on your
                  | head. [demonic ancestry]
   102 | D:1      | Reached XP level 2. HP: 3/24 MP: 2/2
   557 | D:1      | Reached skill level 2 in Invocations
   557 | D:1      | Reached XP level 3. HP: 29/29 MP: 4/4
   732 | D:2      | Noticed Sigmund
   739 | D:2      | Killed Sigmund
   740 | D:2      | Reached skill level 3 in Invocations
   740 | D:2      | Reached skill level 1 in Shapeshifting
   740 | D:2      | Reached XP level 4. HP: 34/37 MP: 4/6
   740 | D:2      | Gained mutation: A weak demonic guardian rushes to your
                  | aid. [demonic ancestry]
   740 | D:2      | Reached XP level 5. HP: 38/42 MP: 4/7
  1138 | D:2      | You fall into a shaft and drop 1 floor!
  1250 | D:3      | Noticed Jessica
  1254 | D:3      | Killed Jessica
  2213 | D:2      | Found a runed translucent door.
  2214 | D:2      | Noticed Crazy Yiuf
  2224 | D:2      | Killed Crazy Yiuf
  2225 | D:2      | Gained mutation: A demonic guardian rushes to your aid.
                  | [demonic ancestry]
  2225 | D:2      | Reached XP level 6. HP: 16/48 MP: 6/8
  2241 | D:2      | Identified the +3 hammer of Houfrour {heavy, rElec rF+++
                  | Int+5 Stlth-}
  2596 | D:4      | HP: 2/48 [poisoned by an adder]
  3061 | D:4      | Found Uwejo's Magic Scroll Shoppe.
  3070 | D:4      | Bought a scroll of teleportation for 42 gold pieces
  3150 | D:4      | Found a burning altar of Makhleb.
  3173 | D:4      | Reached skill level 4 in Invocations
  3605 | D:4      | Found a shimmering blue altar of Sif Muna.
  3641 | D:4      | Gained mutation: You are partially covered in yellow
                  | scales. (AC +2) [demonic ancestry]
  3641 | D:4      | Reached XP level 7. HP: 55/55 MP: 10/10
  3698 | D:4      | Found a sparkling altar of Nemelex Xobeh.
  3698 | D:4      | Found a transporter.
  3817 | D:4      | Found a faded altar of an unknown god.
  3817 | D:4      | Found the Hermit's Pendant {Faith Invo=14 Evo=0 MP+5}
  3975 | D:5      | Entered Level 5 of the Dungeon
  4147 | D:5      | Reached skill level 5 in Fighting
  4257 | D:5      | Reached skill level 5 in Invocations
  4569 | D:5      | Found Ryathoj's Book Shoppe.
  4571 | D:5      | Found Gilaudut's Jewellery Emporium.
  4572 | D:5      | Found Cumicw's Assorted Antiques.
  4572 | D:5      | Found Onierah's Antique Weapon Shoppe.
  4585 | D:5      | Reached XP level 8. HP: 58/62 MP: 18/18
  4676 | D:5      | Reached skill level 6 in Invocations
  5052 | D:6      | Found a staircase to the Ecumenical Temple.
  5083 | Temple   | Entered the Ecumenical Temple
  5091 | Temple   | Became a worshipper of Qazlal Stormbringer
  5217 | D:6      | Reached skill level 5 in Shapeshifting
  5393 | D:6      | Reached skill level 7 in Invocations
  5859 | D:6      | Gained mutation: You are mostly covered in yellow scales.
                  | (AC +3) [demonic ancestry]
  5859 | D:6      | Reached XP level 9. HP: 41/71 MP: 19/19
  6363 | D:6      | Reached * piety under Qazlal
  6667 | D:6      | Found a bloodstained altar of Trog.
  7632 | D:7      | Noticed Menkaure
  7636 | D:7      | Killed Menkaure
  7766 | D:7      | Killed an angel
  7793 | D:7      | Reached skill level 8 in Invocations
  8203 | D:7      | Found a shimmering altar of Xom.
  8229 | D:7      | Reached ** piety under Qazlal
  8694 | D:8      | Noticed Erica
  8701 | D:8      | Killed Erica
  8702 | D:8      | Reached skill level 9 in Invocations
  8702 | D:8      | Reached XP level 10. HP: 44/80 MP: 20/20
  9118 | D:8      | Found a hazy altar of Hepliaklqana.
  9395 | D:8      | Noticed a two-headed ogre
  9395 | D:8      | Noticed a deep elf pyromancer
  9420 | D:8      | Killed a two-headed ogre
  9434 | D:8      | Killed a deep elf pyromancer
  9435 | D:8      | Reached skill level 10 in Invocations
 10161 | D:9      | Reached *** piety under Qazlal
 10479 | D:9      | Gained mutation: You have a pair of horns on your head.
                  | [demonic ancestry]
 10479 | D:9      | Reached XP level 11. HP: 31/89 MP: 21/21
 10739 | D:9      | Noticed a cyan ugly thing
 10745 | D:9      | Killed a cyan ugly thing
 10746 | D:9      | Reached skill level 11 in Invocations
 10986 | D:9      | Found an opulent altar of Gozag.
 11187 | D:9      | Found a staircase to the Lair.
 11527 | D:9      | Found an ornate altar of the Wu Jian Council.
 11676 | D:9      | Found a broken altar of Ashenzari.
 11767 | D:10     | Entered Level 10 of the Dungeon
 11881 | D:10     | Found a basalt altar of Yredelemnul.
 12012 | D:10     | Noticed a lindwurm
 12013 | D:10     | Noticed a lindwurm
 12014 | D:10     | Noticed a lindwurm
 12016 | D:10     | Noticed a lindwurm
 12572 | D:10     | Killed from afar by a lindwurm

Illustrated notes

Levels and vault maps discovered:
D:1:      sevenhm_arrival_forest_fort_small_3, layout_rooms, minmay_cupped
D:2:      layout_loops_cross, uniq_sigmund, uniq_crazy_yiuf_cottage
D:3:      layout_basic, kennysheep_boxes, uniq_jessica
D:4:      layout_rooms, grunt_nemelex_the_gamble, lemuel_blue_sif_altar,
          demons_altar, serial_shops, shop, minmay_misc_feat_tiny,
          hellmonk_guarded_unrand_hermit
D:5:      layout_loops_corners, nicolae_tso_carved_into_rock, dk_noncrumbling_3,
          nicolae_shop_national_dungeon_mall
D:6:      layout_loops_ring, mainiacjoe_overflow_concentric_impassable,
          minmay_temple_entry_tees, minmay_misc_feat_doors
D:7:      layout_cave_pods, grunt_temple_overflow_order_and_chaos_1,
          uniq_menkaure
D:8:      layout_loops_ring, lemuel_round_altar, minmay_manual_moon, uniq_erica
D:9:      layout_long_grid, mainiacjoe_overflow_big_doors,
          nicolae_wu_jian_wuxing_cycle, lair_entry_dummy,
          serial_co_window_serial, co_window_corner_a, co_window_corner_a,
          co_window_corner_a, co_window_paths_b, co_window_paths_b,
          co_window_paths_c, co_window_paths_c, co_window_cross_3,
          co_window_2corner, co_window_of_opportunity_c, co_window_paths_c,
          minmay_checkerbox
D:10:     layout_basic, kennysheep_mini, minmay_lindwurm_lava
Temple:   hellmonk_temple_rainy

Skill      XL: |  1  2  3  4  5  6  7  8  9 10 11 |
---------------+----------------------------------+-----
Axes           | 2 3 |  3.9
Invocations    | 1 2 3 4 5 7 9 10 11 | 11.2
Fighting       | 4 5 6 7 9 |  9.3
Shapeshifting  | 1 2 4 5 7 8 9 |  9.3
Armour         | |  2.6
Shields        | |  2.6

Action                     |  1- 3 |  4- 6 |  7- 9 | 10-12 || total
---------------------------+-------+-------+-------+-------++-------
  Melee: War axe           |    71 |    64 |       |       ||   135
         Headbutt          |     8 |    12 |    31 |    21 ||    72
         Mace              |       |    37 |   164 |     1 ||   202
         Scimitar          |       |       |       |   136 ||   136
    Use: Potion            |     1 |     1 |       |     1 ||     3
         Scroll            |       |       |    11 |     2 ||    13
 Armour: Scale mail        |    45 |    39 |     3 |       ||    87
         Ring mail         |       |       |   105 |       ||   105
         Chain mail        |       |       |     4 |    74 ||    78
  Dodge: Dodged            |    29 |    44 |    87 |    57 ||   217
  Block: Buckler           |    26 |    30 |    77 |    80 ||   213
   Form: Beast             |     1 |     2 |     1 |       ||     4
         Maw               |       |     1 |       |       ||     1
                           |       |     1 |     1 |       ||     2

Table legend: (Time is in decaauts)
 A = Elapsed time spent in this place.
 B = Non-inter-level travel time spent in this place.
 C = Inter-level travel time spent in this place.
 D = Time resting spent in this place.
 E = Time spent auto-exploring this place.
 F = Levels seen in this place.
 G = Mean time per level.
                   A        B        C        D        E       F      G
               +--------+--------+--------+--------+--------+-----+--------+
         Total |  12921 |  12446 |    475 |   3224 |   7236 |  11 | 1174.6 |
       Dungeon |  12899 |  12424 |    475 |   3224 |   7236 |  10 | 1289.9 |
        Temple |     21 |     21 |      0 |      0 |      0 |   1 |   21.0 |
               +--------+--------+--------+--------+--------+-----+--------+

Top non-repeatable levels by time:
     D:8: 1707 daAuts
     D:9: 1654 daAuts
     D:5: 1592 daAuts
     D:6: 1555 daAuts
     D:7: 1478 daAuts
     D:4: 1466 daAuts
     D:3: 1023 daAuts
     D:2: 875 daAuts
    D:10: 811 daAuts
     D:1: 735 daAuts
  Temple: 21 daAuts
